 Dungeon Crawl Stone Soup version 0.18.1-5-g4a78601 (webtiles) character file.

217 Mefis the Magician (level 5, 0/28 HPs)
             Began as a Deep Elf Wizard on May 11, 2016.
             Killed by divine providence
             ... invoked by an orc priest
              (15 damage)
             ... on level 4 of the Dungeon.
             The game lasted 00:09:25 (4231 turns).

Mefis the Magician (Deep Elf Wizard)                Turns: 4231, Time: 00:09:26

Health: 0/28       AC:  6    Str:  4    XL:     5   Next: 61%
Magic:  0/14       EV: 12    Int: 24    God:
Gold:   215        SH:  7    Dex: 13    Spells: 6 memorised, 1 level left

rFire  . . .     SeeInvis .     A - -3 short sword (curse)
rCold  + . .     Gourm    .     a - +0 robe
rNeg   . . .     Faith    .     j - +3 buckler
rPois  .         Spirit   .     v - +0 helmet
rElec  .         Dismiss  .     n - +2 cloak
rCorr  .         Reflect  .     (no gloves)
SustAt .         Harm     .     (no boots)
MR     .....                    (no amulet)
Stlth  ++........               u - ring of protection from fire
                                k - ring of ice

@: very slightly contaminated, not resistant to hostile enchantments, unstealthy
A: no striking features
a: no special abilities


You were on level 4 of the Dungeon.
You were near starving.

You visited 2 branches of the dungeon, and saw 5 of its levels.

You collected 215 gold pieces.

Inventory:

Hand Weapons
 f - a +0 short sword
 w - a +0 dagger of venom
 x - a +0 hunting sling
 A - a cursed -3 short sword (weapon)
Missiles
 e - 14 poisoned needles
 y - 55 stones (quivered)
 B - 37 sling bullets
Armour
 a - a +0 robe (worn)
 b - a +0 hat
 j - a +3 buckler (worn)
 n - a +2 cloak (worn)
 v - a +0 helmet (worn)
Jewellery
 k - a ring of ice (left hand)
 u - a ring of protection from fire (right hand)
Wands
 D - a wand of polymorph (8/24)
Scrolls
 g - a scroll of immolation
 h - 3 scrolls of remove curse {unknown}
 i - 3 scrolls of enchant weapon
 m - a scroll of fear {unknown}
 o - a scroll of noise {unknown}
 C - a scroll of magic mapping {unknown}
Potions
 l - a potion of ambrosia {unknown}
 p - 2 potions of flight {unknown}
 q - 2 potions of curing {unknown}
 r - a potion of haste {unknown}
 s - a potion of invisibility {unknown}
 t - a potion of agility {unknown}
Books
 c - a book of Minor Magic

   Spells                             Type                      Level
   a - Magic Dart                     Conjuration                  1
   b - Blink                          Translocation                2
   c - Call Imp                       Summoning                    2
   d - Repel Missiles                 Charms/Air                   2
   e - Slow                           Hexes                        2
   f - Conjure Flame                  Conjuration/Fire             3
   g - Mephitic Cloud                 Conjuration/Poison/Air       3
Comestibles
 d - 4 bread rations
 z - 2 meat rations


   Skills:
 + Level 3.2 Dodging
 + Level 3.2 Stealth
 * Level 1.7 Shields
 + Level 5.4 Spellcasting
 * Level 3.2 Conjurations
 + Level 1.8 Summonings
 - Level 1.1 Translocations
 + Level 1.2 Fire Magic
 + Level 0.4 Poison Magic


You had one spell level left.
You knew the following spells:

 Your Spells              Type           Power        Failure   Level  Hunger
a - Magic Dart            Conj           ###.         2%          1    None
b - Call Imp              Summ           ###.....     10%         2    None
c - Blink                 Tloc           N/A          14%         2    None
d - Repel Missiles        Chrm/Air       #.....       21%         2    None
e - Mephitic Cloud        Conj/Pois/Air  ##......     21%         3    #......
f - Conjure Flame         Conj/Fire      #.......     14%         3    #......


Dungeon Overview and Level Annotations

Branches:
Dungeon (4/15)             Temple (1/1) D:4

Altars:
Ashenzari
Cheibriados
Fedhas
Kikubaaqudgha
Okawaru
Pakellas
Qazlal
Ru


Message History

Aiming: Mephitic Cloud
Press: ? - help, Shift-Dir - straight line, p - orc You miscast Mephitic Cloud.
You are very lightly contaminated with residual magic.
Nothing appears to happen.
The orc hits you with a dagger.
Casting: Mephitic Cloud
Confirm with . or Enter, or press ? or * to list all spells.
You don't have enough magic to cast that spell.
The orc priest invokes the aid of Beogh against you.
Beogh smites you!
There is a staircase to the Ecumenical Temple here.
Casting: Mephitic Cloud
Confirm with . or Enter, or press ? or * to list all spells.
You miscast Call Imp.
Nothing appears to happen.
The orc priest miscasts a cantrip.
The orc closely misses you.
The orc priest invokes the aid of Beogh against you.
Beogh smites you!
Ouch! That really hurt!
You die...

.........##...........
#..........##...........
#..............)........
#....#.#.#.#.#.........
#...................#
#####....#.......#......#
.......#.......[........#
#.#....#.#o.o>...#......##
.......+......@.............
#.#..)†..#.......#.)#######.
........................
########.#.#.#.#.#.......
#...........######
##.......#+## #....##.# ..#
#.......# #.# #....##.#


You could see an orc priest and an orc.

Vanquished Creatures
  An ogre (Temple)
  Robin (D:3)
  3 adders (D:2)
  2 oozes
  3 worms (D:2)
  2 giant geckos (D:1)
  3 orcs (D:4)
  10 bats
  2 giant cockroaches
  13 goblins
  8 hobgoblins
  9 jackals
  3 kobolds
  2 quokkas
  2 ball pythons
  A giant newt (D:1)
  6 rats
71 creatures vanquished.

Notes
Turn   | Place    | Note
--------------------------------------------------------------
     0 | D:1      | Mefis the Deep Elf Wizard began the quest for the Orb.
     0 | D:1      | Reached XP level 1. HP: 10/10 MP: 7/7
   448 | D:1      | Reached XP level 2. HP: 15/15 MP: 9/9
   927 | D:2      | Reached XP level 3. HP: 17/19 MP: 1/11
  1064 | D:1      | Learned a level 2 spell: Call Imp
  1067 | D:1      | Learned a level 2 spell: Blink
  1070 | D:1      | Learned a level 2 spell: Repel Missiles
  1741 | D:2      | Found a snail-covered altar of Cheibriados.
  1746 | D:2      | Reached skill level 5 in Spellcasting
  1834 | D:2      | Reached skill level 1 in Shields
  2031 | D:2      | Reached XP level 4. HP: 24/24 MP: 13/13
  2762 | D:3      | Noticed Robin
  2782 | D:3      | Learned a level 3 spell: Mephitic Cloud
  2786 | D:3      | Learned a level 3 spell: Conjure Flame
  2931 | D:3      | Killed Robin
  3536 | D:3      | Found an iron altar of Okawaru.
  3837 | D:4      | Found a staircase to the Ecumenical Temple.
  3838 | D:4      | Noticed an ogre
  3852 | Temple   | Entered the Ecumenical Temple
  3904 | Temple   | Killed an ogre
  3904 | Temple   | Reached skill level 1 in Fire Magic
  3904 | Temple   | Reached XP level 5. HP: 9/28 MP: 0/14
  4231 | D:4      | Killed from afar by an orc priest

Skill      XL: |  1  2  3  4 |
---------------+-------------+-----
Conjurations   | 2 3 |  3.2
Spellcasting   | 5 |  5.4
Shields        | 1 |  1.7
Dodging        | 3 |  3.2
Stealth        | 3 |  3.2
Fire Magic     | 1 |  1.2
Summonings     | |  1.8
Translocations | |  1.1
Poison Magic   | |  0.4

Action                   |  1- 3 |  4- 6 || total
-------------------------+-------+-------++-------
Melee: Short sword       |    18 |       ||    18
 Cast: Magic Dart        |   101 |    83 ||   184
       Call Imp          |     1 |       ||     1
       Repel Missiles    |     1 |       ||     1
       Mephitic Cloud    |       |     2 ||     2
       Conjure Flame     |       |     1 ||     1
       Blink             |       |     1 ||     1
  Use: Scroll            |       |     4 ||     4
 Stab: Sleeping          |     2 |       ||     2
  Eat: Chunk             |     3 |     5 ||     8
Armor: Robe              |     9 |     1 ||    10
Dodge: Dodged            |    25 |     5 ||    30
       Deflected         |       |     1 ||     1
Block: Buckler           |    13 |     9 ||    22
